 Dungeon Crawl Stone Soup version bcrawl-1.21.2-1-g32d02e0829 (webtiles) character file.

Game seed: 3949179994084580794

284 MisterOstroum the Skirmisher (level 6, 0/38 HPs)
             Began as a Vine Stalker Martial Artist on Feb 22, 2020.
             Was a Priest of Wu Jian.
             Succumbed to a scorpion's poison
             ... on level 3 of the Dungeon.
             The game lasted 00:04:48 (1809 turns).

MisterOstroum the Skirmisher (VSMA)                 Turns: 1809, Time: 00:04:49

Health: 0/38       AC: 16    Str: 16    XL:     6   Next: 29%
Magic:  8/8        EV:  1    Int:  9    God:    Wu Jian [***...]
Gold:   105        SH: 11    Dex: 17    Spells: 6/7 levels left

rFire    . . .     SeeInvis .   a - +0 short sword
rCold    . . .     Gourm    .   y - +0 large shield (curse)
rNeg     . . .     Faith    .   p - +0 plate armour (curse)
rPois    .         Spirit   .   u - +2 helmet
rElec    .         Reflect  .   (no cloak)
rCorr    .         Harm     .   m - +2 pair of gloves
MR       .....                  (no boots)
Stlth    ..........             r - amulet of rage
HPRegen  0.52/turn              (no ring)
MPRegen  0.11/turn              (no ring)

@: lethally poisoned (0 -> -2), lightly drained
A: fangs 3, regeneration 1, no potion heal 3, rot immunity, strong jaws
a: Wall Jump, Serpent's Lash, Renounce Religion, Evoke Berserk Rage


You were on level 3 of the Dungeon.
You worshipped Wu Jian.
Wu Jian was most pleased with you.
You were not hungry.

You visited 1 branch of the dungeon, and saw 3 of its levels.

You collected 105 gold pieces.

Inventory:

Hand Weapons
 a - a +0 short sword (weapon)
 x - a +0 hand crossbow
Missiles
 d - 123 arrows
 g - 445 bolts
 v - 670 stones (quivered)
 w - 806 sling bullets
Armour
 h - a +0 robe
 l - a +0 leather armour
 m - a +2 pair of gloves (worn)
 p - a cursed +0 plate armour (worn)
 u - a +2 helmet (worn)
 y - a cursed +0 large shield (worn)
Jewellery
 r - an amulet of rage (around neck)
Wands
 A - a wand of disintegration (17)
Scrolls
 f - 3 scrolls of remove curse {@r2}
 j - a scroll of fog {unknown}
 k - a scroll of identify {unknown}
 n - 3 scrolls of teleportation {unknown}
 o - a scroll of blinking {unknown}
 s - a scroll of immolation {unknown}
 C - a scroll of magic mapping {unknown}
Potions
 b - a potion of agility {@q5 !q}
 c - a potion of lignification {unknown}
 i - 2 potions of heal wounds {unknown}
 q - 2 potions of brilliance {unknown}
 t - 5 potions of resistance {unknown}
 z - a potion of curing {unknown}
Comestibles
 e - 8 rations {!d}
 B - 13 chunks of flesh


   Skills:
 * Level 4.3(3.9) Fighting
 * Level 2.6(2.2) Short Blades
 + Level 1.1(0.7) Armour
 + Level 3.8(3.4) Dodging
 - Level 2.7(2.3) Stealth
 + Level 0.8(0.5) Shields
 - Level 4.0(3.6) Unarmed Combat
 - Level 1.1(0.7) Spellcasting
 - Level 1.0(0.6) Hexes


You had 6 spell levels left.
You knew the following spells:

 Your Spells              Type           Power        Failure   Level  Hunger
a - Confusing Touch       Hex            #.......     100%        1    ##.....
Your spell library was empty.

Dungeon Overview and Level Annotations

Branches:
Dungeon (3/12)

Altars:
Trog


Innate Abilities, Weirdness & Mutations

You have razor-sharp teeth.
Your natural rate of healing is unusually fast.
Potions cannot restore your health.
You are immune to rotting.
Your bites deal extra damage.


Message History

No target in view!
f - 3 scrolls of remove curse {@r2} (gained 1)
n - 3 scrolls labeled OKHOCW ONNYISMAUN (gained 1)
t - 5 metallic ruby potions (gained 2)
A scorpion comes into view.
A scorpion is nearby!
A scorpion is nearby!
You lunge at the scorpion.
You hit the scorpion. Your bite misses the scorpion.
The scorpion is lightly wounded.
You block the scorpion's attack.
You closely miss the scorpion.
The scorpion is lightly wounded.
You block the scorpion's attack.
Your shield and plate armour prevent you from hitting the scorpion.
Your bite misses the scorpion.
The scorpion is lightly wounded.
The scorpion stings you but does no damage. x2
You hit the scorpion but do no damage.
You bite the scorpion, but do no damage.
The scorpion is lightly wounded.
The scorpion stings you.
You closely miss the scorpion.
The scorpion is lightly wounded.
The scorpion stings you but does no damage.
Your shield and plate armour prevent you from hitting the scorpion.
The scorpion is lightly wounded.
You block the scorpion's attack.
Your plate armour prevents you from hitting the scorpion.
The scorpion is lightly wounded.
The scorpion stings you but does no damage.
Your shield and plate armour prevent you from hitting the scorpion.
You bite the scorpion.
The scorpion is moderately wounded.
The scorpion stings you! The scorpion stings you.
You hit the scorpion. You bite the scorpion.
The scorpion is heavily wounded.
You block the scorpion's attack.
You hit the scorpion.
The scorpion is severely wounded.
The scorpion stings you.
Your plate armour prevents you from hitting the scorpion.
The scorpion is severely wounded.
The scorpion stings you but does no damage.
Your shield and plate armour prevent you from hitting the scorpion.
The scorpion is heavily wounded.
You block the scorpion's attack.
Your shield and plate armour prevent you from hitting the scorpion.
The scorpion is heavily wounded.
The scorpion stings you but does no damage.
The scorpion stings you.
You are poisoned.
The scorpion poisons you!
A scorpion is nearby!
A scorpion is nearby!
A scorpion is nearby!
You are too injured to fight recklessly!
You closely miss the scorpion. Your bite misses the scorpion.
The scorpion is heavily wounded.
You feel sick.
The scorpion stings you but does no damage.
You closely miss the scorpion.
The scorpion is heavily wounded.
You feel sick. You block the scorpion's attack.
You puncture the scorpion! Your bite misses the scorpion.
The scorpion is almost dead.
You feel sick. The scorpion stings you! The scorpion stings you.
* * * LOW HITPOINT WARNING * * *
You are lethally poisoned!
The scorpion poisons you!
You hit the scorpion but do no damage.
The scorpion is almost dead.
* * * LOW HITPOINT WARNING * * *
You feel sick.
The scorpion stings you but does no damage.
Your shield and plate armour prevent you from hitting the scorpion.
The scorpion is almost dead.
* * * LOW HITPOINT WARNING * * *
You feel sick.
The scorpion stings you but does no damage.
Your shield and plate armour prevent you from hitting the scorpion.
Your bite misses the scorpion.
The scorpion is almost dead.
* * * LOW HITPOINT WARNING * * *
You feel sick.
The scorpion stings you but does no damage.
You hit the scorpion.
You kill the scorpion!
The Council accepts your kill.
* * * LOW HITPOINT WARNING * * *
You feel sick.
* * * LOW HITPOINT WARNING * * *
You feel sick.
* * * LOW HITPOINT WARNING * * *
You feel sick.
* * * LOW HITPOINT WARNING * * *
You feel sick.
* * * LOW HITPOINT WARNING * * *
You feel sick.
Found a rapier.
You die...

### ########.#
........#.########
######.###......@#
##.#.######.#
##.## #.# ### #.#
#.# #)# #..
########## #.#
#.........


There were no monsters in sight!

Vanquished Creatures
  A scorpion (D:3)
  Natasha (thrice) (D:3)
  An orc wizard (D:3)
  Robin (D:3)
  An adder (D:2)
  4 oozes
  6 worms
  3 dart slugs
  2 leopard geckos
  5 orcs
  2 bats (D:1)
  2 giant cockroaches (D:2)
  15 goblins
  10 hobgoblins
  9 kobolds
  2 quokkas (D:2)
  A frilled lizard (D:1)
  4 rats
72 creatures vanquished.

Notes
Turn   | Place    | Note
-------+----------+-------------------------------------------
     0 | D:1      | MisterOstroum the Vine Stalker Martial Artist began the
                  | quest for the Orb.
     0 | D:1      | Reached XP level 1. HP: 13/13 MP: 3/3
   127 | D:1      | Reached XP level 2. HP: 15/19 MP: 4/4
   316 | D:1      | Reached XP level 3. HP: 23/23 MP: 5/5
   524 | D:1      | Reached ** piety under Wu Jian
   611 | D:2      | Reached skill level 1 in Short Blades
   758 | D:2      | Found a bloodstained altar of Trog.
   792 | D:2      | Reached XP level 4. HP: 28/28 MP: 6/6
  1199 | D:3      | Noticed Robin
  1229 | D:3      | Killed Robin
  1257 | D:3      | Noticed Natasha
  1268 | D:3      | Killed Natasha
  1268 | D:3      | Reached XP level 5. HP: 32/33 MP: 7/7
  1327 | D:3      | Noticed Natasha
  1352 | D:3      | Killed Natasha
  1474 | D:3      | Noticed Natasha
  1475 | D:3      | Reached *** piety under Wu Jian
  1486 | D:3      | Killed Natasha
  1651 | D:3      | Reached skill level 1 in Armour
  1651 | D:3      | Gained mutation: You have razor-sharp teeth. [Vine Stalker
                  | growth]
  1651 | D:3      | Reached XP level 6. HP: 31/38 MP: 8/8
  1807 | D:3      | HP: 1/38 [poisoned by a scorpion]
  1809 | D:3      | Succumbed to a scorpion's poison

Skill      XL: |  1  2  3  4  5 |
---------------+----------------+-----
Fighting       | 3 4 |  4.3
Stealth        | 2 |  2.7
Short Blades   | 1 2 |  2.6
Armour         | 1 |  1.1
Dodging        | |  3.8
Shields        | |  0.8
Unarmed Combat | |  4.0
Spellcasting   | |  1.1
Hexes          | |  1.0

Action                   |  1- 3 |  4- 6 || total
-------------------------+-------+-------++-------
Melee: Unarmed           |    21 |     2 ||    23
       Bite              |    16 |    33 ||    49
       Punch             |     1 |       ||     1
       Short sword       |    96 |   263 ||   359
 Fire: Hand crossbow     |       |     3 ||     3
Invok: Lunge             |    15 |    10 ||    25
       Whirlwind         |     1 |    34 ||    35
 Abil: Evoke Berserk Rag |       |     1 ||     1
       Serpent's Lash    |       |     2 ||     2
  Use: Scroll            |     1 |       ||     1
 Stab: Sleeping          |     7 |       ||     7
  Eat: Chunk             |       |     5 ||     5
Armor: Robe              |     1 |       ||     1
       Leather armour    |    11 |       ||    11
       Plate armour      |     4 |   175 ||   179
Dodge: Dodged            |    56 |    38 ||    94
Block: Large shield      |       |    63 ||    63
